 Dungeon Crawl Stone Soup version 0.30-a0-364-gf6b3ef1049 (webtiles) character file.

Game seed: 17970622300441523767

14 AeshMezareph the Firebug (level 2, 20/20 HPs)
             Began as a Demonspawn Fire Elementalist on Nov 14, 2022.
             Quit the game on level 1 of the Dungeon.
             The game lasted 00:02:16 (410 turns).

AeshMezareph the Firebug (DsFE)                      Turns: 410, Time: 00:02:16

Health: 20/20      AC:  2    Str:  8    XL:     2   Next: 27%
Magic:  5/5        EV: 12    Int: 16    God:
Gold:   27         SH:  4    Dex: 13    Spells: 4/5 levels left

rFire   . . .      SeeInvis .    e - +0 short sword
rCold   . . .      Faith    .    (no shield)
rNeg    . . .      Spirit   .    a - +0 robe
rPois   .          Reflect  .    (no helmet)
rElec   .          Harm     .    (no cloak)
rCorr   .          Rampage  .    (no gloves)
Will    .....                    (no boots)
Stlth   ++........               (no amulet)
HPRegen 0.23/turn                (no ring)
MPRegen 0.09/turn                (no ring)

@: no status effects
A: condensation shield
a: no special abilities


You were on level 1 of the Dungeon.
You visited 1 branch of the dungeon, and saw 1 of its levels.

You collected 27 gold pieces.

Inventory:

Hand Weapons
 e - a +0 short sword (weapon)
Armour
 a - a +0 robe (worn)
Scrolls
 c - a scroll of fear {unknown}
 f - a scroll of enchant armour {unknown}
Potions
 b - a potion of magic
 d - a potion of degeneration {unknown}


   Skills:
 + Level 0.7 Fighting
 + Level 1.9 Dodging
 + Level 1.9 Stealth
 + Level 2.1 Spellcasting
 + Level 1.2 Conjurations
 + Level 2.8 Fire Magic


You had 4 spell levels left.
You knew the following spells:

 Your Spells              Type           Power      Damage    Failure   Level
a - Foxfire               Conj/Fire      32%        2x1d5     9%          1

Your spell library contained the following spells:

 Spells                   Type           Power      Damage    Failure   Level
 Scorch                   Fire           20%        2d6       10%         2
 Inner Flame              Hex/Fire       6%         N/A       34%         3
 Kindle Blastsparks       Fire/Tloc/Air  8%         2d10      38%         3
 Flame Wave               Conj/Fire      8%         2d5       65%         4


Dungeon Overview and Level Annotations

Branches:
Dungeon (1/15)

Altars:


Innate Abilities, Weirdness & Mutations

A meltable shield of frost defends you. (SH +4)


Message History

The endoplasm is severely wounded.
The foxfire hits the endoplasm.
You kill the endoplasm!
You start resting.
A bat comes into view.
Casting: Foxfire (safe; 9% risk of failure)
Confirm with . or Enter, or press ? or * to list all spells.
You miscast Foxfire.
You are very lightly contaminated with residual magic.
Nothing appears to happen.
Casting: Foxfire (safe; 9% risk of failure)
Confirm with . or Enter, or press ? or * to list all spells.
You conjure some foxfire!
The foxfire hits the bat.
The bat is severely wounded.
The foxfire hits the bat.
You kill the bat!
You start resting.
Your magical contamination has completely faded away.
You start resting.
A giant cockroach comes into view.
Casting: Foxfire (safe; 9% risk of failure)
Confirm with . or Enter, or press ? or * to list all spells.
You conjure some foxfire!
Your foxfire dissipates!
Casting: Foxfire (safe; 9% risk of failure)
Confirm with . or Enter, or press ? or * to list all spells.
You conjure some foxfire!
Your foxfire dissipates!
The foxfire hits the giant cockroach.
The giant cockroach is almost dead.
Casting: Foxfire (safe; 9% risk of failure)
Confirm with . or Enter, or press ? or * to list all spells.
You conjure some foxfire!
Your foxfire dissipates!
The foxfire hits the giant cockroach.
You kill the giant cockroach!
You start resting.
Magic restored.
Are you sure you want to abandon this character and quit the game? (Confirm with "yes".)

♣♣~#..####......####
PP~#....##......# .
.P~##.#..#......# ...
PP~##.##.#......######...
♣P~##....................
♣.~#####.##########....#
P♣~#...#.# #...........#
~~~#...#.###...........#
...'..<#...#....@......#
~~~#...###.#...........#
♣♣~#...# #.'.......#...#
P.~##### ###.......#...#
♣♣~# #..†....# ..# P.~#
###.......# .# PP~#
#.......### ..# .♣~#
#.##.##.###...## ♣.~#
#+#...#.........


There were no monsters in sight!

Vanquished Creatures
  3 bats (D:1)
  3 endoplasms (D:1)
  A giant cockroach (D:1)
  A kobold (D:1)
  3 ball pythons (D:1)
  A rat (D:1)
12 creatures vanquished.

Vanquished Creatures (others)
  22 foxfires (D:1)
22 creatures vanquished.

Grand Total: 34 creatures vanquished

Notes
Turn   | Place    | Note
-------+----------+-------------------------------------------
     0 | D:1      | AeshMezareph the Demonspawn Fire Elementalist began the
                  | quest for the Orb.
     0 | D:1      | Reached XP level 1. HP: 13/13 MP: 3/3
   301 | D:1      | Gained mutation: A meltable shield of frost defends you.
                  | (SH +4) [demonic ancestry]
   301 | D:1      | Reached XP level 2. HP: 20/20 MP: 3/5
   410 | D:1      | Quit the game

Illustrated notes

Levels and vault maps discovered:
D:1:      lightli_arrival_farm, layout_basic, hangedman_feature_mirror,
          minmay_close_crescents

Action                   || total
-------------------------++-------
Melee: Unarmed           ||     7
       Short sword       ||     2
 Cast: Foxfire           ||    18
Armor: Robe              ||     1
Dodge: Dodged            ||     6
Block: Other             ||     1

Table legend: (Time is in decaauts)
 A = Elapsed time spent in this place.
 B = Non-inter-level travel time spent in this place.
 C = Inter-level travel time spent in this place.
 D = Time resting spent in this place.
 E = Time spent auto-exploring this place.
 F = Levels seen in this place.
 G = Mean time per level.
                   A        B        C        D        E       F      G
               +--------+--------+--------+--------+--------+-----+--------+
         Total |    411 |    411 |      0 |    159 |    155 |   1 |  411.0 |
       Dungeon |    411 |    411 |      0 |    159 |    155 |   1 |  411.0 |
               +--------+--------+--------+--------+--------+-----+--------+

Top non-repeatable levels by time:
     D:1: 411 daAuts
